 Dungeon Crawl Stone Soup version 0.26-a0-720-g2a1d101370 (webtiles) character file.

Game seed: 9525141205547614832

6006 tbh1313 the Basher (level 10, -6/81 HPs)
             Began as a Deep Dwarf Fighter on Nov 2, 2020.
             Was a Priest of Makhleb.
             Mangled by a white ugly thing (25 damage)
             ... on level 8 of the Dungeon.
             The game lasted 00:19:35 (5364 turns).

tbh1313 the Basher (Deep Dwarf Fighter)             Turns: 5364, Time: 00:19:35

Health: -6/81      AC: 10    Str: 20    XL:     10   Next: 56%
Magic:  11/11      EV:  9    Int: 12    God:    Makhleb [***...]
Gold:   346        SH:  5    Dex: 12    Spells: 9/9 levels left

rFire    . . .     SeeInvis .   p - +1 flail (drain)
rCold    . . .     Faith    .   f - +0 buckler
rNeg     . . .     Spirit   .   b - +0 scale mail
rPois    .         Reflect  .   (no helmet)
rElec    .         Harm     .   v - +2 cloak
rCorr    .         Rampage  .   (no gloves)
MR       +....                  (no boots)
Stlth    ..........             (no amulet)
HPRegen  0.00/turn              (no ring)
MPRegen  0.12/turn              (no ring)

@: mighty, non-regenerating, hasted, studying Crossbows, very quick
A: damage resistance, heal wounds, sense surroundings 2, no regeneration
a: Heal Wounds, Minor Destruction, Lesser Servant of Makhleb, Renounce Religion


You were on level 8 of the Dungeon.
You worshipped Makhleb.
Makhleb was most pleased with you.
You visited 2 branches of the dungeon, and saw 9 of its levels.

You collected 614 gold pieces.
You spent 268 gold pieces at shops.

Inventory:

Hand Weapons
 a - a +1 flail
 p - a +1 flail of draining (weapon)
Armour
 b - a +0 scale mail (worn)
 c - a +0 kite shield
 f - a +0 buckler (worn)
 v - a +2 cloak (worn)
Wands
 h - a wand of enslavement (10)
 y - a wand of flame (5)
Scrolls
 g - a scroll of remove curse
 l - 2 scrolls of enchant weapon
 m - a scroll of fear
 t - a scroll of magic mapping
 u - 2 scrolls of identify
 w - a scroll of teleportation
 x - a scroll of amnesia
Potions
 e - 7 potions of curing
 i - 2 potions of resistance
 k - 2 potions of berserk rage
 n - 5 potions of stabbing
 o - a potion of heal wounds
 q - a potion of flight
 s - 2 potions of brilliance
Books
 z - a manual of Crossbows


   Skills:
 - Level 2.6 Fighting
 + Level 14.5 Maces & Flails
 - Level 3.2 Armour
 - Level 4.0 Shields
 - Level 6.0 Invocations


You had 9 spell levels left.
You didn't know any spells.
Your spell library was empty.

Dungeon Overview and Level Annotations

Branches:
Dungeon (8/15)             Temple (1/1) D:4
   Lair: D:8-11

Altars:
Ashenzari
Fedhas
Gozag
Hepliaklqana
Kikubaaqudgha
Makhleb
Nemelex Xobeh
Ru
Trog
Uskayaw
Vehumet
Xom
Yredelemnul
The Shining One

Shops:
D:5 *(


Innate Abilities, Weirdness & Mutations

You are resistant to damage.
You can heal yourself by infusing magical energy.
You passively map the area around you.
You do not regenerate.


Message History

The white ugly thing trunk-slaps you. The white ugly thing freezes you!!
Your ufetubus closely misses the white ugly thing.
Your ufetubus barely misses the white ugly thing.
You closely miss the white ugly thing.
The white ugly thing is moderately wounded.
You completely miss the white ugly thing.
The white ugly thing is moderately wounded.
Your ufetubus hits the white ugly thing but does no damage.
Your ufetubus hits the white ugly thing.
The white ugly thing barely misses you.
You bludgeon the white ugly thing!! You drain the white ugly thing.
The white ugly thing is severely wounded.
Your ufetubus barely misses the white ugly thing.
Your ufetubus hits the white ugly thing.
You bludgeon the white ugly thing!!
The white ugly thing is almost dead.
The white ugly thing trunk-slaps you!
* * * LOW HITPOINT WARNING * * *
The white ugly thing freezes you!!
You die...

, , , , * * , *, ,, , ,
*, * * * * * , ** , , *
, ### , , , ,* * * ,
,###..# ,* ,* * , ,
####5.:}#* , , *, , ,,
,###5.5u@# ** , , ,
###.5###3.# **, , *
###.##.#####..# *, , ,
##....#.#..##### ,
####..###..#....### **
*
*#..###..####.#....###*
*
###..###..##..#.#...##
, *
###..###.#.#.#.#.... ,
* , *
###..#.#..#.#...## *


You could see a white ugly thing (drained), a friendly ynoxinul (summoned) and 4
friendly ufetubi.

Levels and vault maps discovered:
D:1:      dpeg_arrival_long_road, layout_loops_ring
D:2:      layout_loops_ring, tso_metal_star, uniq_natasha
D:3:      layout_basic, grunt_temple_overflow_growth_and_decay
D:4:      layout_rooms, eat_drink_and_be_merry_uskayaw,
          minmay_temple_entry_statues_fountains, grunt_ministairs_14
D:5:      layout_loops_corners, serial_shops, nicolae_shop_trees, shop,
          minmay_manual_moon
D:6:      layout_rooms, tgw_trog, uniq_maggie, uniq_duvessa
D:7:      layout_rooms, uniq_harold, uniq_prince_ribbit1
D:8:      minmay_the_grid_triangle_9x9_rhombus_full
          [minmay_the_grid_triangle_9x9_steps,
          minmay_the_grid_triangle_9x9_fully_insulated_deathbox,
          minmay_the_grid_triangle_9x9_descending_squares,
          minmay_the_grid_triangle_9x9_warning,
          minmay_the_grid_triangle_9x9_tough_junction,
          minmay_the_grid_triangle_9x9_longest,
          minmay_the_grid_triangle_9x9_limited_checkers,
          minmay_the_grid_triangle_9x9_prize_schism], layout_loops_ring,
          grunt_dithmenos_smoke, kennysheep_little_box, lemuel_statue_altar,
          uniq_erica
Temple:   eino_wide_crystal_templ

Notes
Turn   | Place    | Note
-------+----------+-------------------------------------------
     0 | D:1      | tbh1313 the Deep Dwarf Fighter began the quest for the Orb.
     0 | D:1      | Reached XP level 1. HP: 20/20 MP: 1/1
   126 | D:1      | Reached XP level 2. HP: 25/27 MP: 2/2
   227 | D:1      | Reached skill level 3 in Maces & Flails
   645 | D:2      | Reached XP level 3. HP: 22/33 MP: 3/3
   769 | D:2      | Found a glowing golden altar of the Shining One.
   915 | D:2      | Noticed Natasha
   925 | D:2      | Killed Natasha
   925 | D:2      | Reached skill level 4 in Maces & Flails
  1229 | D:2      | Reached XP level 4. HP: 23/40 MP: 4/4
  1263 | D:2      | Noticed Natasha
  1270 | D:2      | Killed Natasha
  1430 | D:2      | Noticed Natasha
  1442 | D:2      | Killed Natasha
  1442 | D:2      | Reached skill level 5 in Maces & Flails
  1506 | D:3      | Noticed a black bear
  1510 | D:3      | Killed a black bear
  1510 | D:3      | Reached XP level 5. HP: 34/46 MP: 5/5
  1521 | D:3      | Reached skill level 6 in Maces & Flails
  1821 | D:3      | Found an ancient bone altar of Kikubaaqudgha.
  1822 | D:3      | Found a blossoming altar of Fedhas.
  2233 | D:4      | Reached XP level 6. HP: 42/55 MP: 6/6
  2246 | D:4      | Found a hide-covered altar of Uskayaw.
  2416 | D:4      | Found a staircase to the Ecumenical Temple.
  2426 | Temple   | Entered the Ecumenical Temple
  2443 | Temple   | Became a worshipper of Makhleb the Destroyer
  2635 | D:4      | Reached skill level 7 in Maces & Flails
  2754 | D:5      | Entered Level 5 of the Dungeon
  2830 | D:5      | Found Ucsusom's Antique Weapon Boutique.
  2842 | D:5      | Bought a runed flail for 156 gold pieces
  2854 | D:5      | Found Hurphaty's General Store.
  2859 | D:5      | Bought a +0 cloak for 67 gold pieces
  2859 | D:5      | Bought a scroll of teleportation for 45 gold pieces
  3143 | D:5      | Reached XP level 7. HP: 24/61 MP: 6/6
  3148 | D:5      | Noticed a two-headed ogre
  3348 | D:5      | Reached skill level 8 in Maces & Flails
  3472 | D:5      | Killed a two-headed ogre
  3472 | D:5      | Reached skill level 10 in Maces & Flails
  3472 | D:5      | Reached XP level 8. HP: 19/68 MP: 7/7
  3896 | D:6      | Reached skill level 11 in Maces & Flails
  3907 | D:6      | Reached * piety under Makhleb
  4031 | D:6      | Noticed Maggie
  4038 | D:6      | Gained mutation: You passively map the area around you.
                  | [Deep Dwarf growth]
  4038 | D:6      | Reached XP level 9. HP: 45/74 MP: 6/6
  4041 | D:6      | HP: 4/74 [something (4)]
  4051 | D:6      | Killed Maggie
  4053 | D:6      | Reached skill level 12 in Maces & Flails
  4163 | D:6      | Reached ** piety under Makhleb
  4227 | D:6      | Noticed a moth of wrath
  4227 | D:6      | Noticed Duvessa
  4227 | D:6      | Noticed Dowan
  4235 | D:6      | Killed Duvessa
  4235 | D:6      | Reached skill level 1 in Invocations
  4253 | D:6      | Killed Dowan
  4264 | D:6      | Found a bloodstained altar of Trog.
  4637 | D:7      | Noticed Prince Ribbit
  4660 | D:7      | Killed Prince Ribbit
  4819 | D:7      | Noticed Harold
  4830 | D:7      | Reached skill level 5 in Invocations
  4846 | D:7      | Killed Harold
  4846 | D:7      | Reached skill level 13 in Maces & Flails
  4846 | D:7      | Reached XP level 10. HP: 81/81 MP: 9/11
  4853 | D:7      | Reached *** piety under Makhleb
  5179 | D:8      | Noticed a two-headed ogre
  5186 | D:8      | Killed a two-headed ogre
  5186 | D:8      | Reached skill level 14 in Maces & Flails
  5241 | D:8      | Noticed a manticore
  5337 | D:8      | Noticed an orc knight
  5346 | D:8      | Noticed a white ugly thing
  5348 | D:8      | Killed an orc knight
  5364 | D:8      | Mangled by a white ugly thing

Table legend: (Time is in decaauts)
 A = Elapsed time spent in this place.
 B = Non-inter-level travel time spent in this place.
 C = Inter-level travel time spent in this place.
 D = Time resting spent in this place.
 E = Time spent auto-exploring this place.
 F = Levels seen in this place.
 G = Mean time per level.
                   A        B        C        D        E       F      G
               +--------+--------+--------+--------+--------+-----+--------+
         Total |   5340 |   5006 |    334 |    119 |   3470 |   9 |  593.3 |
       Dungeon |   5307 |   4988 |    319 |    119 |   3459 |   8 |  663.4 |
        Temple |     32 |     18 |     14 |      0 |     11 |   1 |   32.0 |
               +--------+--------+--------+--------+--------+-----+--------+

Top non-repeatable levels by time:
     D:5: 1045 daAuts
     D:2: 883 daAuts
     D:3: 756 daAuts
     D:6: 745 daAuts
     D:1: 628 daAuts
     D:4: 561 daAuts
     D:7: 490 daAuts
     D:8: 196 daAuts
  Temple: 32 daAuts

Table legend:
 A = Kills in this place as a percentage of kills in entire the game.
 B = Kills by you in this place as a percentage of kills by you in the entire game.
 C = Kills by friends in this place as a percentage of kills by friends in the entire game.
 D = Other kills in this place as a percentage of other kills in the entire game.
 E = Experience gained in this place as a percentage of experience gained in the entire game.
 F = Experience gained in this place divided by the number of levels of this place that you have seen.
                   A       B       C       D       E      F
               +-------+-------+-------+-------+-------+----------------------
         Total | 100.0 | 100.0 | 100.0 |   N/A | 100.0 | 953.3
       Dungeon | 100.0 | 100.0 | 100.0 |   N/A | 100.0 | 1072.5
               +-------+-------+-------+-------+-------+----------------------

Action                   |  1- 3 |  4- 6 |  7- 9 | 10-12 || total
-------------------------+-------+-------+-------+-------++-------
Melee: Flail             |   136 |   187 |   339 |   133 ||   795
Invok: Minor Destruction |       |       |       |    10 ||    10
       Lesser Servant of |       |       |       |     1 ||     1
 Abil: Heal Wounds       |     1 |     3 |    13 |     2 ||    19
Evoke: Wand              |       |       |     7 |     6 ||    13
  Use: Scroll            |     7 |     7 |     4 |     3 ||    21
       Potion            |       |       |     3 |     2 ||     5
 Stab: Sleeping          |       |       |     7 |       ||     7
       Invisible         |       |       |     3 |       ||     3
Armor: Scale mail        |    82 |    96 |   209 |    45 ||   432
Dodge: Dodged            |    81 |    83 |   201 |    48 ||   413
Block: Kite shield       |     6 |       |       |       ||     6
       Buckler           |       |     2 |    95 |    36 ||   133

Vanquished Creatures
  Harold (D:7)
  2 two-headed ogres
  An orc knight (D:8)
  Maggie (D:6)
  Prince Ribbit (D:7)
  A wyvern (D:8)
  Duvessa (D:6)
  2 orc warriors
  An ice beast (D:8)
  2 black bears
  2 sky beasts
  2 phantoms
  2 centaurs
  2 big kobolds (D:7)
  4 bullfrogs
  5 wights (D:6)
  2 howler monkeys
  3 bullfrog zombies
  A hound (D:4)
  2 centaur skeletons
  A jelly (D:7)
  5 orc priests
  6 orc wizards
  2 bullfrog skeletons
  3 iguanas
  Natasha (thrice) (D:2)
  7 worker ants
  A killer bee zombie (D:6)
  A hound skeleton (D:5)
  9 adders
  A white imp (D:5)
  3 ufetubi
  2 worms
  An adder skeleton (D:6)
  5 dart slugs
  7 leopard geckos
  32 orcs
  3 giant cockroaches
  4 goblins
  6 hobgoblins
  15 kobolds
  6 quokkas
  3 ball pythons
  8 bats
  2 frilled lizards
  A leopard gecko zombie (D:7)
  2 quokka skeletons
  5 rats
182 creatures vanquished.

Vanquished Creatures (collateral kills)
  Dowan (D:6)
  A rat (D:6)
2 creatures vanquished.

Vanquished Creatures (others)
  3 plants (D:3)
  A withered plant (D:3)
4 creatures vanquished.

Grand Total: 188 creatures vanquished
